 Dungeon Crawl Stone Soup version 0.30-a0-1018-g25214051b3 (webtiles) character file.

Game seed: 13687732439734729931

117 pokeman the Magician (level 4, -6/25 HPs)
             Began as a Deep Elf Hedge Wizard on Apr 7, 2023.
             Killed from afar by Grinder (8 damage)
             ... with a puff of flame
             ... on level 3 of the Dungeon.
             The game lasted 00:04:42 (3313 turns).

pokeman the Magician (Deep Elf Hedge Wizard)        Turns: 3313, Time: 00:04:43

Health: -6/25      AC:  3    Str:  7    XL:     4   Next: 71%
Magic:  8/13       EV: 13    Int: 21    God:
Gold:   179        SH:  0    Dex: 14    Spells: 6/14 levels left

rFire   . . .      SeeInvis .    i - +1 whip (elec)
rCold   . . .      Faith    .    (no shield)
rNeg    . . .      Spirit   .    b - +0 robe
rPois   .          Reflect  .    c - +0 hat
rElec   .          Rampage  .    e - +0 cloak
rCorr   .                        (no gloves)
Will    .....                    (no boots)
Stlth   ++                       (no amulet)
HPRegen 0.24/turn                (no ring)
MPRegen 0.13/turn                (no ring)

@: no status effects
A: no striking features
a: no special abilities


You were on level 3 of the Dungeon.
You visited 1 branch of the dungeon, and saw 3 of its levels.

You collected 179 gold pieces.

Inventory:

Hand Weapons
 i - a +1 whip of electrocution (weapon)
Missiles
 l - a throwing net
Armour
 b - a +0 robe (worn)
 c - a +0 hat (worn)
 e - a +0 cloak (worn)
Scrolls
 a - a scroll of fear {unknown}
 f - a scroll of fog {unknown}
 g - a scroll of noise {unknown}
 j - 2 scrolls of vulnerability {unknown}
 k - 2 scrolls of identify {unknown}
 m - a scroll of amnesia {unknown}
 p - 3 scrolls of torment {unknown}
Potions
 d - a potion of magic
 h - a potion of flight {unknown}
 n - a potion of haste {unknown}
 o - a potion of ambrosia {unknown}


   Skills:
 - Level 1.0 Fighting
 - Level 1.0 Armour
 + Level 2.9 Dodging
 - Level 3.0 Stealth
 * Level 5.8 Spellcasting
 + Level 2.3 Conjurations
 - Level 1.1 Summonings
 - Level 1.1 Translocations
 + Level 0.0 Air Magic


You had 6 spell levels left.
You knew the following spells:

 Your Spells              Type           Power      Damage    Failure   Level
a - Magic Dart            Conj           64%        1d6       3%          1
b - Mephitic Cloud        Conj/Pois/Air  9%         N/A       22%         3
c - Call Imp              Summ           20%        N/A       10%         2
d - Blink                 Tloc           20%        N/A       10%         2

Your spell library contained the following spells:

 Spells                   Type           Power      Damage    Failure   Level
 Summon Small Mammal      Summ           40%        N/A       6%          1
 Slow                     Hex            24%        N/A       10%         1
 Cigotuvi's Dreadful Rot  Necr/Pois/Air  12%        N/A       16%         2
 Call Canine Familiar     Summ           10%        N/A       19%         3
 Summon Guardian Golem    Hex/Summ       8%         N/A       24%         3
 Anguish                  Hex/Necr       3%         N/A       69%         4
 Enfeeble                 Hex            3%         N/A       100%        7


Dungeon Overview and Level Annotations

Branches:
Dungeon (3/15)

Altars:

Shops:
D:1 [

Annotations:
D:3 2 transporters, Genovi's ghost, amateur GrFi; Grinder


Message History

Press: ? - help, Shift-Dir - straight line, f/p - Grinder
Aim: Grinder, carrying a wand of flame (21) (lightly wounded, ally target, 100% to hit)
The magic dart hits Grinder.
Grinder is lightly wounded.
Your cerulean imp hits Grinder with a -3 spear.
Your magical contamination has completely faded away.
You hit Grinder.
Grinder is lightly wounded.
Grinder gestures at you. Pain shoots through your body!
Ouch! That really hurt!
Your cerulean imp hits Grinder with a -3 spear.
Unknown command.
You hit Grinder but do no damage.
Grinder is moderately wounded.
Grinder gestures at you. You resist with significant effort.
Your cerulean imp hits Grinder but does no damage.
Grinder hits you.
* * * LOW HITPOINT WARNING * * *
You writhe in agony.
* * * LOW HITPOINT WARNING * * *
You hit Grinder.
Grinder is moderately wounded.
Your cerulean imp closely misses Grinder.
Grinder hits you.
* * * LOW HITPOINT WARNING * * *
You writhe in agony.
* * * LOW HITPOINT WARNING * * *
You hit Grinder.
Grinder is moderately wounded.
Your cerulean imp hits Grinder with a -3 spear.
Grinder says, "FISH!"
Grinder completely misses you.
Your cerulean imp closely misses Grinder.
Unknown command.
You closely miss Grinder.
Grinder is heavily wounded.
Grinder zaps a wand.
The puff of flame hits you!
You die...

..........#.#.#
#......#.#.....
####.....##.#.#
#.###.##.#..##. #
#.....##.#.#####.# #.##.#..##.
# #.....##.#.......#
#.##.#..##. #
#.....##.######### #.##.#..##.
#
########.....#######.##.#..##.
# #####..........#.#..##. #
############.#..##. #
#5@..........#..### #
#5############ # #.....# #
####... # #.#..... # #.#...###
#.#...# .W # #.#...# .Z ##.##
#.#...# #.


You could see Grinder (ally target) and a friendly cerulean imp (summoned).

Vanquished Creatures
  3 adders
  An ufetubus (D:3)
  2 worms (D:2)
  3 dart slugs
  4 endoplasms
  4 giant cockroaches
  7 goblins
  7 hobgoblins
  5 jackals
  5 quokkas
  5 ball pythons
  4 bats
  A frilled lizard (D:3)
  11 kobolds
  6 rats
68 creatures vanquished.

Notes
Turn   | Place    | Note
-------+----------+-------------------------------------------
     0 | D:1      | pokeman the Deep Elf Hedge Wizard began the quest for the
                  | Orb.
     0 | D:1      | Reached XP level 1. HP: 10/10 MP: 7/7
   211 | D:1      | Found a faded altar of an unknown god.
   243 | D:1      | Reached XP level 2. HP: 16/16 MP: 1/9
   747 | D:1      | Found Cainueva's Antique Armour Emporium.
   808 | D:1      | Reached skill level 5 in Spellcasting
   920 | D:1      | Reached XP level 3. HP: 20/20 MP: 8/11
   924 | D:1      | Learned a level 3 spell: Mephitic Cloud
   927 | D:1      | Learned a level 2 spell: Call Imp
   930 | D:1      | Learned a level 2 spell: Blink
  1320 | D:2      | Reached skill level 1 in Fighting
  1399 | D:2      | Reached skill level 1 in Armour
  1844 | D:2      | Reached XP level 4. HP: 16/25 MP: 9/13
  2097 | D:3      | Noticed Grinder
  2098 | D:3      | Paralysed by Grinder for 5 turns
  2371 | D:3      | Found a transporter.
  2371 | D:3      | Noticed Genovi's ghost (amateur GrFi)
  2380 | D:3      | Found a transporter.
  3230 | D:3      | Identified the +2 sling "Udofitux" {flame, rPois rF+}
  3311 | D:3      | HP: 1/25 [Grinder (1)]
  3313 | D:3      | Killed from afar by Grinder

Illustrated notes

Levels and vault maps discovered:
D:1:      spicycebolla_arrival_risky_transporter, layout_basic,
          ebering_ecumenical_altar_mist, serial_shops, nicolae_shop_crystal
D:2:      cheibrodos_helix_gallery, layout_rooms
D:3:      layout_basic, gammafunk_ghost_mausoleum, moated_statue,
          uniq_crazy_yiuf_cottage, uniq_grinder

Skill      XL: |  1  2  3  4 |
---------------+-------------+-----
Spellcasting   | 5 |  5.8
Fighting       | 1 |  1.0
Armour         | 1 |  1.0
Conjurations   | 2 |  2.3
Stealth        | 3 |  3.0
Dodging        | |  2.9
Summonings     | |  1.1
Translocations | |  1.1

Action                     |  1- 3 |  4- 6 || total
---------------------------+-------+-------++-------
  Melee: Dagger            |     8 |       ||     8
         Whip              |    17 |     6 ||    23
   Cast: Magic Dart        |   105 |    67 ||   172
         Mephitic Cloud    |     3 |       ||     3
         Call Imp          |       |     1 ||     1
   Stab: Sleeping          |     1 |     1 ||     2
         Confused          |     1 |       ||     1
 Armour: Robe              |     6 |     4 ||    10
  Dodge: Dodged            |    25 |    11 ||    36

Table legend: (Time is in decaauts)
 A = Elapsed time spent in this place.
 B = Non-inter-level travel time spent in this place.
 C = Inter-level travel time spent in this place.
 D = Time resting spent in this place.
 E = Time spent auto-exploring this place.
 F = Levels seen in this place.
 G = Mean time per level.
                   A        B        C        D        E       F      G
               +--------+--------+--------+--------+--------+-----+--------+
         Total |   3316 |   3250 |     66 |    164 |   2676 |   3 | 1105.3 |
       Dungeon |   3316 |   3250 |     66 |    164 |   2676 |   3 | 1105.3 |
               +--------+--------+--------+--------+--------+-----+--------+

Top non-repeatable levels by time:
     D:1: 1399 daAuts
     D:3: 1174 daAuts
     D:2: 742 daAuts
